Match 27538977
Unlisted

Match 27538977
End
Pioneer Squad
Kettenkrad Recon Vehicle
Selects Luftwaffe Battlegroup
Selects Luftwaffe Pioneer Support
Fallschirmpioneer Squad Paradrop
Construct Infanterie Kompanie
Grenadier Squad
GrW 34 Mortar Team
Construct Panzergrenadier Kompanie
Fallschirmpioneer Squad Paradrop
GrW 34 Mortar Team
Construct Panzer Kompanie
Panzer IV Medium Tank
Selects Stuka Strafing Run
Selects Fallschirmjäger Squad Paradrop
Selects Fragmentation Bombs
Panzer IV Medium Tank
Fragmentation Bombs
Fallschirmpioneer Squad Paradrop
Panzer IV Medium Tank
Fragmentation Bombs
Panzer IV Medium Tank
Side Skirts
Panzergrenadier Squad
Stuka Strafing Run
Panzer IV Medium Tank
Fragmentation Bombs
Stuka Strafing Run
Panzer IV Medium Tank
Panzer IV Medium Tank
Construct Luftwaffe Kompanie
Pioneer Squad
Klovz
Ocelot
MyDixieWrecked
|W|archild
Friendly Mouse(Poxie)
Apophis
neurotypical cattle
Resilient
0
0

Comments sign in to comment!

No comments posted yet!